 Dungeon Crawl Stone Soup version 0.21-a0-349-g0c35859 (webtiles) character file.

115 tidbits the Sneak (level 4, 19/19 HPs)
             Began as a Felid Transmuter on Oct 8, 2017.
             Quit the game on level 3 of the Dungeon.
             The game lasted 00:07:20 (846 turns).

tidbits the Sneak (Felid Transmuter)                 Turns: 846, Time: 00:07:20

Health: 19/19      AC:  1    Str:  6    XL:     4   Next: 68%
Magic:  8/8        EV: 18    Int: 15    God:
Gold:   103        SH:  0    Dex: 17    Spells: 1/7 levels left
                                        Lives:  0   Deaths: 1

rFire    . . .     SeeInvis +     - Unarmed
rCold    . . .     Gourm    .   (shield unavailable)
rNeg     . . .     Faith    .   (armour unavailable)
rPois    .         Spirit   .   (helmet unavailable)
rElec    .         Reflect  .   (cloak unavailable)
rCorr    .         Harm     .   (gloves unavailable)
MR       .....                  (boots unavailable)
Stlth    ++++......             (no amulet)
HPRegen  0.06/turn              (no ring)
MPRegen  0.11/turn              (no ring)

@: quick
A: no armour, no weapons or thrown items, stealth, claws 1, fangs 3, see
invisible, carnivore 3, speed 1, shaggy fur 1, slow metabolism 1, sharp paws
a: no special abilities


You were on level 3 of the Dungeon.
You were not hungry.

You visited 1 branch of the dungeon, and saw 3 of its levels.

You collected 103 gold pieces.

Inventory:

Missiles
 a - 4 arrows
 d - 31 stones
Jewellery
 e - an uncursed ring of ice
   (You found it on level 1 of the Dungeon)
Scrolls
 f - a scroll of identify {unknown}
 g - a scroll of remove curse {unknown}
Potions
 k - a potion of agility {unknown}
Books
 b - a book of Changes

   Spells                             Type                      Level
   a - Beastly Appendage              Transmutation                1
   b - Sticks to Snakes               Transmutation                2
   c - Spider Form                    Transmutation/Poison         3
   d - Ice Form                       Ice/Transmutation            4
   e - Blade Hands                    Transmutation                5
Comestibles
 c - 2 meat rations
 j - 2 chunks of flesh


   Skills:
 - Level 1.0 Fighting
 - Level 2.7 Dodging
 + Level 5.5 Stealth
 + Level 5.0 Unarmed Combat
 - Level 2.0 Spellcasting
 - Level 2.2 Transmutations


You had one spell level left.
You knew the following spells:

 Your Spells              Type           Power        Failure   Level  Hunger
e - Beastly Appendage     Tmut           #.....       9%          1    #......
k - Sticks to Snakes      Tmut           #.......     14%         2    ###....
p - Spider Form           Tmut/Pois      #.........   38%         3    ###....


Dungeon Overview and Level Annotations

Branches:
Dungeon (3/15)

Altars:


Innate Abilities, Weirdness & Mutations

You cannot wear armour.
You are incapable of wielding weapons or throwing items.
Your paws allow you to move quietly. (Stealth)
You have sharp claws.
You have razor-sharp teeth.
You have supernaturally acute eyesight. (SInv)
You are carnivorous and can eat meat at any time.
You cover ground quickly.
You are covered in fur. (AC +1)
You have a slow metabolism.
Your sharp claws are effective at attacking unaware monsters.


Message History

You scratch the dart slug.
The dart slug is almost dead.
Your ball python bites the dart slug.
Your ball python grabs the dart slug.
Your ball python constricts the dart slug.
The dart slug dies!
Your Unarmed Combat skill increases to level 5!
Casting: Sticks to Snakes
Confirm with . or Enter, or press ? or * to list all spells.
You grow a pair of large bovine horns.
You barely miss the rat.
Your ball python barely misses the rat.
Your ball python grabs the rat.
Your ball python constricts the rat.
The rat barely misses you.
You scratch the rat.
You kill the rat!
Things that are here:
a rat corpse; a dart slug corpse Butcher a dart slug corpse? [(y)es/(c)hoosy/(n)o/(a)ll/(e)dible/(q)uit/?]
You butcher the dart slug corpse.
You butcher the rat corpse.
j - 6 chunks of flesh (gained 1);
j - 8 chunks of flesh (gained 2)
Your transformation is almost over.
Your ball python withers and dies!
Some of the chunks of flesh in your inventory have rotted away.
Unknown command.
Eat one of 4 chunks of flesh? (ye/n/q)
You eat one of the 4 chunks of flesh.
This raw flesh tastes great.
Eat one of 3 chunks of flesh? (ye/n/q)
You eat one of the 3 chunks of flesh.
This raw flesh tastes great.
You now have 103 gold pieces (gained 14).
A jackal comes into view.
A jackal comes into view.
Your horns disappear.
A jackal comes into view.
The jackal barks!
A jackal comes into view.
Casting: Beastly Appendage
Confirm with . or Enter, or press ? or * to list all spells.
You grow a pair of large bovine horns.
The jackal barks! x2; You hear an angry hiss.
A leopard gecko comes into view.
You closely miss the jackal. The jackal closely misses you.
The leopard gecko hisses angrily.
You claw the jackal!
You kill the jackal!
You scratch the jackal.
The jackal is severely wounded.
You miss the jackal. You scratch the jackal.
You kill the jackal!
An adder comes into view.
The adder hisses angrily.
You scratch the jackal but do no damage.
The jackal is severely wounded.
The jackal bites you.
* * * LOW HITPOINT WARNING * * *
You scratch the jackal but do no damage.
The jackal is severely wounded.
The jackal closely misses you.
You scratch the jackal but do no damage.
The jackal is severely wounded.
The jackal barely misses you. x2
You closely miss the jackal. Your headbutt misses the jackal.
The jackal is severely wounded.
The jackal barely misses you.
Your transformation is almost over.
Casting: Beastly Appendage
Confirm with . or Enter, or press ? or * to list all spells.
You create a snake!
You now have 4 arrows.
The jackal bites you but does no damage.
You scratch the jackal.
You kill the jackal!
The jackal bites you.
* * * LOW HITPOINT WARNING * * *
You claw the jackal!
You kill the jackal!
You closely miss the leopard gecko.
Your adder bites the leopard gecko.
The leopard gecko bites you.
* * * LOW HITPOINT WARNING * * *
You completely miss the leopard gecko. Your headbutt misses the leopard gecko.
You bite the leopard gecko.
The leopard gecko is severely wounded.
Your horns disappear.
Your adder bites the leopard gecko.
The leopard gecko dies!
Your adder closely misses the adder.
You scratch the adder.
The adder is moderately wounded.
The adder bites you.
* * * LOW HITPOINT WARNING * * *
Your adder barely misses the adder.
You closely miss the adder.
The adder is moderately wounded.
The adder bites you.
* * * LOW HITPOINT WARNING * * *
You are lethally poisoned!
The adder poisons you!
Your adder barely misses the adder.
The adder bites you.
You die...
You are now level 4!
You rejoin the land of the living...
Are you sure you want to abandon this character and quit the game? (Confirm with "yes".)

...#.########
.......@....#
###
###.#######.#
..# #.# ..#
.## .# .# .#


There were no monsters in sight!

Vanquished Creatures
  The ghost of tidbits the Charmwright, an amateur GnSk (D:3)
  A jelly (D:3)
  4 gnolls (D:3)
  2 adders (D:3)
  An ooze (D:2)
  A dart slug (D:1)
  4 leopard geckos
  2 giant cockroaches
  5 goblins
  4 hobgoblins
  8 jackals
  3 kobolds
  3 bats (D:3)
  A frilled lizard (D:1)
  9 rats
49 creatures vanquished.

Vanquished Creatures (collateral kills)
  A dart slug (D:3)
  A leopard gecko (D:3)
  A bat (D:1)
3 creatures vanquished.

Grand Total: 52 creatures vanquished

Notes
Turn   | Place    | Note
-------+----------+-------------------------------------------
     0 | D:1      | tidbits the Felid Transmuter began the quest for the Orb.
     0 | D:1      | Reached XP level 1. HP: 9/9 MP: 4/4
    69 | D:1      | Reached skill level 1 in Stealth
    79 | D:1      | Reached XP level 2. HP: 12/12 MP: 6/6
    83 | D:1      | Learned a level 2 spell: Sticks to Snakes
   121 | D:1      | Reached skill level 2 in Stealth
   356 | D:2      | Reached XP level 3. HP: 6/15 MP: 5/7
   361 | D:2      | Learned a level 3 spell: Spider Form
   601 | D:3      | Noticed tidbits's ghost (amateur GnSk)
   617 | D:3      | Reached skill level 3 in Stealth
   626 | D:3      | Killed tidbits's ghost
   626 | D:3      | Reached skill level 4 in Stealth
   626 | D:3      | Reached skill level 4 in Unarmed Combat
   626 | D:3      | Reached XP level 4. HP: 9/19 MP: 3/8
   681 | D:3      | Reached XP level 5. HP: 9/22 MP: 5/9
   720 | D:3      | Reached skill level 5 in Stealth
   800 | D:3      | Reached skill level 5 in Unarmed Combat
   845 | D:3      | Slain by an adder
   846 | D:3      | Reached XP level 4. HP: 0/19 MP: 7/8
   846 | D:3      | Quit the game

Vault maps used:
D:1:      dpeg_arrival_simpleton_a
D:2:      hangedman_abyss_or_decor_lesser_grid

Skill      XL: |  1  2  3  4  5 |
---------------+----------------+-----
Stealth        | 1 2 4 5 |  5.5
Unarmed Combat | 4 5 |  5.0
Fighting       | |  1.0
Dodging        | |  2.7
Spellcasting   | |  2.0
Transmutations | |  2.2

Action                   |  1- 3 |  4- 6 || total
-------------------------+-------+-------++-------
Melee: Unarmed           |    83 |    41 ||   124
       Headbutt          |     9 |     4 ||    13
       Bite              |     6 |     1 ||     7
       Punch             |     2 |     1 ||     3
 Cast: Beastly Appendage |    10 |     5 ||    15
       Sticks to Snakes  |     4 |     4 ||     8
       Spider Form       |     3 |       ||     3
  Use: Potion            |     3 |     1 ||     4
 Stab: Sleeping          |     7 |     5 ||    12
       Invisible         |     5 |       ||     5
  Eat: Chunk             |     7 |     2 ||     9
Armor: Skin              |     2 |     2 ||     4
Dodge: Dodged            |    45 |    22 ||    67

Table legend:
 A = Spawn XP
 B = Non-spawn XP
 C = Spawn XP percentage of total XP
 D = Spawn monster count
 E = Non-spawn monster count
 F = Spawn count percentage of total count
 G = Total turns spent on level
                    A         B        C        D         E        F      G
               +---------+---------+-------+---------+---------+-------+---------
         Total |       0 |     323 |   0.0 |       0 |      52 |   0.0 |   846
               +---------+---------+-------+---------+---------+-------+---------
           D:1 |       0 |      28 |   0.0 |       0 |      17 |   0.0 |   212
           D:2 |       0 |      26 |   0.0 |       0 |      10 |   0.0 |   363
           D:3 |       0 |     269 |   0.0 |       0 |      25 |   0.0 |   271
               +---------+---------+-------+---------+---------+-------+---------

Table legend:
 A = Turns spent in this place as a percentage of turns spent in the entire game.
 B = Non-inter-level travel turns spent in this place as a percentage of non-inter-level travel turns spent in the entire game.
 C = Inter-level travel turns spent in this place as a percentage of turns spent in this place.
 D = Turns resting spent in this place as a percentage of non-inter-level travel turns spent in this place.
 E = Turns spent auto-exploring this place as a percentage of non-inter-level travel turns spent in this place.
 F = Non-inter-level travel turns spent in this place divided by the number of levels of this place that you've seen.
                   A       B       C       D       E      F
               +-------+-------+-------+-------+-------+----------------------
         Total | 100.0 | 100.0 |   1.5 |   0.0 |   0.0 | 277.7
       Dungeon | 100.0 | 100.0 |   1.5 |   0.0 |   0.0 | 277.7
               +-------+-------+-------+-------+-------+----------------------

Table legend:
 A = Kills in this place as a percentage of kills in entire the game.
 B = Kills by you in this place as a percentage of kills by you in the entire game.
 C = Kills by friends in this place as a percentage of kills by friends in the entire game.
 D = Other kills in this place as a percentage of other kills in the entire game.
 E = Experience gained in this place as a percentage of experience gained in the entire game.
 F = Experience gained in this place divided by the number of levels of this place that you have seen.
                   A       B       C       D       E      F
               +-------+-------+-------+-------+-------+----------------------
         Total | 100.0 | 100.0 | 100.0 |   N/A | 100.0 | 107.7
       Dungeon | 100.0 | 100.0 | 100.0 |   N/A | 100.0 | 107.7
               +-------+-------+-------+-------+-------+----------------------

Vault maps used:
D:1:      dpeg_arrival_simpleton_a
D:2:      hangedman_abyss_or_decor_lesser_grid
